 Dungeon Crawl Stone Soup version 0.14-a0-2124-ga163777 (webtiles) character file.

721 Egon the Skirmisher (level 7, 91/93 HPs)
             Began as a Red Draconian Berserker on Jan 28, 2014.
             Was an Elder of Trog.
             Quit the game on Level 4 of the Dungeon.
             The game lasted 00:09:43 (3708 turns).

Egon the Skirmisher (Red Draconian Berserker)       Turns: 3708, Time: 00:09:43

HP  91/93        AC  9     Str 24      XL: 7   Next:  5%
MP   7/7         EV 14     Int  7      God: Trog [****..]
Gold 181         SH  0     Dex 13      Spells:  0 memorised,  6 levels left

rFire  + . .     SeeInvis .     a - +0,+1 hand axe
rCold  . . .     Clarity  .     (armour unavailable)
rNeg   . . .     Conserve .     (no shield)
rPois  .         rCorr    .     (helmet restricted)
rElec  .         rRot     .     q - +2 dwarf cloak
SustAb . .       Spirit   .     (no gloves)
rMut   .         Warding  .     (no boots)
Saprov . . .     Stasis   .     (no amulet)
MR     .....                    (no ring)
                                (no ring)

@: berserking (expiring), very quick, not resistant to hostile enchantments,
extremely unstealthy
A: breathe fire, unfitting armour, fire resistance 1, AC +6
a: Breathe Fire, Burn Spellbooks, Berserk, Trog's Hand, Brothers in Arms,
Renounce Religion


You were on level 4 of the Dungeon.
You worshipped Trog.
Trog was greatly pleased with you.
You were not hungry.

You visited 1 branch of the dungeon, and saw 4 of its levels.

You collected 181 gold pieces.

Inventory:

Hand weapons
 a - a +0,+1 hand axe (weapon)
 d - a +0,+0 hand axe
Armour
 q - a +2 dwarven cloak (worn)
Magical devices
 r - a wand of disintegration (3) {unknown}
Comestibles
 c - 3 bread rations
 w - 2 chunks of worker ant flesh
Scrolls
 e - 7 scrolls of identify
 f - 2 scrolls of random uselessness
 j - a scroll of blinking {unknown}
 l - 3 scrolls of teleportation
 o - a scroll of remove curse
 t - a scroll of enchant weapon II
 v - a scroll of enchant weapon I {unknown}
 x - a scroll of fear
Jewellery
 m - an uncursed ring of teleportation
Potions
 b - a potion of degeneration {unknown}
 g - 2 potions of invisibility {unknown}
 h - a potion of brilliance {unknown}
 i - 3 potions of curing {unknown}
 k - 2 potions of heal wounds
 n - 4 potions of agility {unknown}
 p - a potion of berserk rage {unknown}
 s - 2 potions of poison {unknown}
 u - a potion of magic {unknown}


   Skills:
 + Level 5.8 Fighting
 + Level 5.2 Axes
 + Level 4.7 Dodging


You had 6 spell levels left.
You didn't know any spells.

Dungeon Overview and Level Annotations

Branches:
Dungeon (4/16)
 Temple: D:4-7

Altars:
Trog


Innate Abilities, Weirdness & Mutations

You can breathe blasts of fire.
Your fiery red scales are hard (AC +6).
Your body does not fit into most forms of armour.
Your cold-blooded metabolism reacts poorly to cold.
Your flesh is heat resistant.


Message History

The orc wizard is heavily wounded.
The orc barely misses you.
The orc wizard points at you and mumbles some strange words.
The puff of flame hits you!
You slash the orc wizard!
You kill the orc wizard!
Trog accepts your kill.
Trog appreciates your killing of a magic user.
You have reached level 7!
Your scales start taking on a fiery red colour.
You feel a sudden chill.
You closely miss the orc.
The orc is moderately wounded.
The orc barely misses you.
You hit the orc.
The orc is moderately wounded.
You slash the orc!
You kill the orc!
Trog accepts your kill.
You can now call in reinforcements.
Are you sure you want to abandon this character and quit the game? (Confirm with "yes".)

#.########.#.# . #.#
#.#)# .... #.# #.#.#
..... #.# #.#.# ......
#.# #.#.# ....$..
#.########.#.# .......
...........#.####.......
[...............)).......
...<............@[.......
#.#......###.#####.......
#.#......# #<# #####
#.#......###.#####.#
....<..............#
#########.........##
#.........# ##
#.........# .#
#.........#


There were no monsters in sight!

Vanquished Creatures
  An ogre (D:4)
  Sigmund (D:4)
  An orc priest (D:4)
  3 orc wizards
  An iguana (D:4)
  2 worker ants (D:4)
  8 adders
  A giant mite (D:2)
  3 worms
  2 giant geckos
  10 orcs
  7 hobgoblins
  13 kobolds
  A ball python (D:1)
  12 bats
  3 giant cockroaches
  A giant gecko skeleton (D:4)
  4 giant newts
  6 goblins
  11 jackals
  A kobold skeleton (D:4)
  10 rats
102 creatures vanquished.

Notes
Turn   | Place    | Note
--------------------------------------------------------------
     0 | D:1      | Egon, the Draconian Berserker, began the quest for the Orb.
     0 | D:1      | Reached XP level 1. HP: 19/19 MP: 1/1
   175 | D:1      | Reached XP level 2. HP: 21/26 MP: 2/2
   609 | D:1      | Acquired Trog's second power
   914 | D:2      | Reached XP level 3. HP: 30/33 MP: 3/3
   927 | D:2      | Reached skill level 4 in Fighting
  2125 | D:2      | Reached XP level 4. HP: 40/40 MP: 4/4
  2381 | D:2      | Found a bloodstained altar of Trog.
  2560 | D:3      | Reached XP level 5. HP: 42/47 MP: 5/5
  3223 | D:4      | Reached skill level 5 in Fighting
  3229 | D:4      | Reached XP level 6. HP: 56/56 MP: 6/6
  3406 | D:4      | Noticed Sigmund
  3417 | D:4      | Noticed an ogre
  3450 | D:4      | Killed Sigmund
  3583 | D:4      | Killed an ogre
  3583 | D:4      | Reached skill level 5 in Axes
  3705 | D:4      | Your scales start taking on a fiery red colour.
  3705 | D:4      | Gained mutation: Your flesh is heat resistant. [draconian maturity]
  3705 | D:4      | Reached XP level 7. HP: 62/62 MP: 7/7
  3707 | D:4      | Acquired Trog's third power
  3708 | D:4      | Quit the game

Action                   |  1- 3 |  4- 6 |  7- 9 || total
-------------------------+-------+-------+-------++-------
Melee: Hand axe          |   164 |   164 |     2 ||   330
Invok: Berserk           |     1 |     5 |       ||     6
       Burn Spellbooks   |     1 |       |       ||     1
       Trog's Hand       |     1 |       |       ||     1
  Use: Scroll            |     7 |     3 |       ||    10
 Stab: Distracted        |     1 |       |       ||     1
